 Dungeon Crawl Stone Soup version 0.19.5 (webtiles) character file.

1511 Inarius the Cleaver (level 8, -12/70 HPs)
             Began as a Minotaur Fighter on May 3, 2017.
             Was a Follower of Yredelemnul.
             Mangled by an ogre
             ... wielding a +0 giant club
              (20 damage)
             ... on level 6 of the Dungeon.
             The game lasted 00:16:31 (4529 turns).

Inarius the Cleaver (Minotaur Fighter)              Turns: 4529, Time: 00:16:32

Health: -12/70     AC:  9    Str: 22    XL:     8   Next: 53%
Magic:  6/6        EV:  9    Int:  4    God:    Yredelemnul [*.....]
Gold:   139        SH: 10    Dex: 12    Spells: 0 memorised, 7 levels left

rFire  . . .     SeeInvis .     a - +0 war axe
rCold  . . .     Gourm    .     b - +0 scale mail
rNeg   . . .     Faith    .     c - +0 shield
rPois  +         Spirit   .     (helmet restricted)
rElec  .         Reflect  .     (no cloak)
rCorr  .         Harm     .     (no gloves)
MR     .....                    (no boots)
Stlth  +.........               t - amulet of regeneration
                                p - ring of poison resistance
                                h - +2 ring of protection (curse)

@: no status effects
A: retaliatory headbutt, horns 2, thin skeletal structure 1, blink, dopey 1, low
mp 1, mutation resistance 1
a: Blink, Animate Remains, Renounce Religion


You were on level 6 of the Dungeon.
You worshipped Yredelemnul.
Yredelemnul was aware of your devotion.
You were full.

You visited 1 branch of the dungeon, and saw 6 of its levels.

You collected 139 gold pieces.

Inventory:

Hand Weapons
 a - a +0 war axe (weapon)
 y - a +0 flail of protection
 E - a +6 flail of crushing
Armour
 b - a +0 scale mail (worn)
 c - a +0 shield (worn)
Jewellery
 h - a cursed +2 ring of protection (left hand)
 n - an uncursed amulet of the gourmand
 p - a ring of poison resistance (right hand)
 q - an uncursed ring of stealth
 t - an amulet of regeneration (around neck)
 v - an uncursed ring of positive energy
Wands
 s - a wand of iceblast (7/15)
Scrolls
 k - 4 scrolls of noise
 l - 5 scrolls of immolation
 m - 2 scrolls of teleportation
 o - 2 scrolls of remove curse
 w - 2 scrolls of fog
 D - a scroll of blinking {unknown}
Potions
 d - a potion of might
 e - 3 potions of curing
 g - a potion of cancellation
 i - 2 potions of brilliance
 j - a potion of heal wounds
 x - 2 potions of lignification {unknown}
 z - a potion of mutation {unknown}
 B - a potion of berserk rage {unknown}
 C - a potion of agility
 F - a potion of resistance {unknown}
Comestibles
 f - 4 bread rations
 r - a meat ration
 u - 2 beef jerkies
 A - 2 chunks of flesh


   Skills:
 + Level 6.2 Fighting
 + Level 8.4 Axes
 + Level 6.6 Armour
 + Level 2.7 Dodging
 + Level 0.6 Stealth
 + Level 6.5 Shields


You had 7 spell levels left.
You didn't know any spells.

Dungeon Overview and Level Annotations

Branches:
Dungeon (6/15)             Temple (0/1) D:4

Altars:
Ashenzari
Uskayaw
Vehumet
Yredelemnul

Shops:
D:4 :

Annotations:
D:6 Grinder


Innate Abilities, Weirdness & Mutations

You reflexively headbutt those who attack you in melee.
You have a pair of horns on your head.
You have a somewhat thin skeletal structure. (Dex +2, Stealth)
You can translocate small distances at will.
You are dopey. (Int -2)
Your magical capacity is low. (-10% MP)
You are somewhat resistant to further mutation.


Message History

Grinder hits you but does no damage. The ogre hits you with a giant club!!
Grinder says, "Don't move a muscle."
Grinder blinks!
Grinder gestures at you.
You suddenly lose the ability to move!
Grinder hits you.
You writhe in agony.
The ogre hits you with a giant club. Grinder hits you.
You writhe in agony.
The ogre completely misses you.
Grinder blinks!
The ogre hits you with a giant club!
* * * LOW HITPOINT WARNING * * *
The ogre hits you but does no damage.
You can move again.
There is a stone staircase leading up, spattered with blood here.
You hit the ogre.
The ogre is almost dead.
The ogre hits you with a giant club!
* * * LOW HITPOINT WARNING * * *
The ogre hits you with a giant club!!
You die...
Your body rises from the dead as a mindless zombie.

####. ######......
#@O.†..#
#######.###.......
......5.# .......
######### .......
..O.... .......
.....$. #######


You could see Grinder and an ogre.

Vanquished Creatures
  Sigmund (D:5)
  Eustachio (D:5)
  A human (D:2)
  Edmund (D:5)
  Duvessa (D:5)
  A sky beast (D:5)
  A necrophage (D:5)
  The ghost of miragecloak the Changer, an amateur OpTm (D:3)
  Blork the orc (D:5)
  Dowan (D:5)
  A scorpion (D:5)
  A crimson imp (D:5)
  An orc priest (D:5)
  Crazy Yiuf (D:5)
  4 hounds
  3 worker ants
  A human skeleton (D:2)
  5 adders
  An ooze (D:3)
  An adder zombie (D:5)
  2 dart slugs
  2 leopard geckos
  4 orcs
  6 bats
  5 giant cockroaches
  2 gnoll zombies (D:2)
  4 hobgoblins (D:1)
  4 jackals (D:4)
  3 quokkas
  5 frilled lizards
  9 goblins
  A jackal skeleton (D:4)
  9 kobolds
  A quokka skeleton (D:4)
  4 rats
90 creatures vanquished.

Vanquished Creatures (others)
  A giant cockroach (D:2)
1 creature vanquished.

Grand Total: 91 creatures vanquished

Notes
Turn   | Place    | Note
-------+----------+-------------------------------------------
     0 | D:1      | Inarius the Minotaur Fighter began the quest for the Orb.
     0 | D:1      | Reached XP level 1. HP: 19/19 MP: 0/0
   142 | D:1      | Reached XP level 2. HP: 27/27 MP: 1/1
   753 | D:2      | Found a radiant altar of Vehumet.
   794 | D:2      | Reached skill level 3 in Axes
   796 | D:2      | Reached XP level 3. HP: 33/33 MP: 2/2
   882 | D:2      | Found a runed door.
   882 | D:2      | Noticed a human
   899 | D:2      | Found a basalt altar of Yredelemnul.
  1087 | D:2      | Gained mutation: You have a somewhat thin skeletal structure. (Dex +2, Stealth) [potion of beneficial mutation]
  1356 | D:2      | Found a basalt altar of Yredelemnul.
  1364 | D:2      | Became a worshipper of Yredelemnul the Dark
  1549 | D:2      | Killed a human
  1549 | D:2      | Reached skill level 4 in Axes
  1549 | D:2      | Reached skill level 5 in Armour
  1549 | D:2      | Reached XP level 4. HP: 30/40 MP: 3/3
  1549 | D:2      | Reached XP level 5. HP: 34/46 MP: 4/4
  2150 | D:3      | Reached skill level 5 in Axes
  2201 | D:3      | Noticed miragecloak's ghost (amateur OpTm)
  2790 | D:3      | Killed miragecloak's ghost
  2790 | D:3      | Reached XP level 6. HP: 48/53 MP: 5/5
  2862 | D:4      | Reached skill level 5 in Shields
  2931 | D:4      | Found a shattered altar of Ashenzari.
  3094 | D:4      | Found a staircase to the Ecumenical Temple.
  3382 | D:4      | Found Vuiwn's Book Boutique.
  3705 | D:5      | Entered Level 5 of the Dungeon
  3766 | D:5      | Reached skill level 5 in Fighting
  3766 | D:5      | Reached skill level 1 in Dodging
  3766 | D:5      | Reached XP level 7. HP: 59/60 MP: 6/6
  3806 | D:5      | Reached skill level 6 in Axes
  3811 | D:5      | Gained mutation: You can translocate small distances at will. [mutagenic meat]
  3812 | D:5      | Gained mutation: Your magical capacity is low. (-10% MP) [mutagenic meat]
  3813 | D:5      | Gained mutation: You are somewhat resistant to further mutation. [mutagenic meat]
  3814 | D:5      | Gained mutation: You are dopey. (Int -2) [mutagenic meat]
  3880 | D:5      | Noticed Eustachio
  3905 | D:5      | Killed Eustachio
  3905 | D:5      | Reached skill level 7 in Axes
  3934 | D:5      | Found a hide-covered altar of Uskayaw.
  3934 | D:5      | Noticed a hand axe
  3934 | D:5      | Noticed a hand axe
  3936 | D:5      | Noticed Blork the orc
  3952 | D:5      | Killed Blork the orc
  3952 | D:5      | Reached * piety under Yredelemnul
  3984 | D:5      | Noticed Edmund
  3995 | D:5      | Killed Edmund
  3995 | D:5      | Reached XP level 8. HP: 37/69 MP: 6/6
  4011 | D:5      | Noticed Dowan
  4012 | D:5      | Noticed Duvessa
  4020 | D:5      | Killed Duvessa
  4023 | D:5      | Killed Dowan
  4028 | D:5      | Reached skill level 8 in Axes
  4117 | D:5      | Found a runed door.
  4121 | D:5      | Noticed Crazy Yiuf
  4126 | D:5      | Killed Crazy Yiuf
  4415 | D:5      | Noticed Sigmund
  4430 | D:5      | Killed Sigmund
  4496 | D:6      | Noticed Grinder
  4511 | D:6      | Paralysed by Grinder for 3 turns
  4521 | D:6      | Paralysed by Grinder for 7 turns
  4529 | D:6      | Mangled by an ogre

Skill      XL: |  1  2  3  4  5  6  7  8 |
---------------+-------------------------+-----
Armour         | 4 5 6 |  6.6
Axes           | 3 4 5 7 8 |  8.4
Shields        | 4 5 6 |  6.5
Fighting       | 4 5 6 |  6.2
Dodging        | 1 2 |  2.7
Stealth        | |  0.6

Action                   |  1- 3 |  4- 6 |  7- 9 || total
-------------------------+-------+-------+-------++-------
Melee: War axe           |    82 |    80 |   127 ||   289
       Headbutt          |    16 |    17 |    22 ||    55
  Use: Scroll            |     9 |     3 |       ||    12
       Potion            |     1 |       |       ||     1
  Eat: Chunk             |     4 |    14 |     5 ||    23
Armor: Scale mail        |    44 |    21 |    36 ||   101
Dodge: Dodged            |    21 |    24 |    24 ||    69
Block: Shield            |    42 |    43 |    64 ||   149
